 Dungeon Crawl Stone Soup version 0.29-a0-817-g9904bce7a6 (webtiles) character file.

Game seed: 1416587467722004551

45 gobodom the Digger (level 3, 0/21 HPs)
             Began as an Octopode Earth Elementalist on July 5, 2022.
             Was a Follower of Uskayaw.
             Slain by an adder (1 damage)
             ... on level 2 of the Dungeon.
             The game lasted 00:02:55 (1113 turns).

gobodom the Digger (Octopode Earth Elementalist)    Turns: 1113, Time: 00:02:56

Health: 0/21       AC:  1    Str:  9    XL:     3   Next: 64%
Magic:  6/7        EV: 13    Int: 17    God:    Uskayaw [*.....]
Gold:   27         SH:  5    Dex: 12    Spells: 6/7 levels left

rFire   . . .      SeeInvis .   b - +0 arbalest
rCold   . . .      Faith    .   (shield currently unavailable)
rNeg    . . .      Spirit   .   (helmet restricted)
rPois   .          Reflect  +   f - amulet of reflection
rElec   .          Harm     .   (no ring)
rCorr   .          Rampage  .   (no ring)
Will    .....                   (no ring)
Stlth   +++.......              (no ring)
HPRegen 0.07/turn               (no ring)
MPRegen 0.10/turn               (no ring)
                                (no ring)
                                (no ring)

@: lethally poisoned (0 -> -8)
A: almost no armour, amphibious, 8 rings, camouflage 1, gelatinous body 1,
(nimble swimmer 1), tentacles
a: Renounce Religion, Stomp


You were on level 2 of the Dungeon.
You worshipped Uskayaw.
Uskayaw was noncommittal.
You visited 1 branch of the dungeon, and saw 2 of its levels.

You collected 27 gold pieces.

Inventory:

Hand Weapons
 b - a +0 arbalest (weapon)
Jewellery
 f - an amulet of reflection (around mantle)
Scrolls
 e - a scroll of identify {unknown}
 h - a scroll of amnesia {unknown}
Potions
 a - a potion of magic
 c - a potion of degeneration {unknown}
 d - a potion of ambrosia {unknown}
 g - a potion of resistance {unknown}


   Skills:
 + Level 0.1 Fighting
 + Level 2.5 Dodging
 + Level 2.8 Stealth
 + Level 2.7 Spellcasting
 + Level 1.1 Transmutations
 + Level 3.4 Earth Magic


You had 6 spell levels left.
You knew the following spells:

 Your Spells              Type           Power      Damage    Failure   Level
a - Sandblast             Erth           28%        2d8       4%          1

Your spell library contained the following spells:

 Spells                   Type           Power      Damage    Failure   Level
 Passwall                 Tmut/Erth      8%         N/A       11%         2
 Sting                    Tmut/Pois      16%        1d3       14%         1
 Poisonous Vapours        Pois/Air       4%         N/A       26%         2
 Stone Arrow              Conj/Erth      16%        3d8       26%         3
 Petrify                  Tmut/Erth      10%        N/A       56%         4
 Olgreb's Toxic Radiance  Pois           2%         N/A       87%         4


Dungeon Overview and Level Annotations

Branches:
Dungeon (2/15)

Altars:
Uskayaw


Innate Abilities, Weirdness & Mutations

You cannot wear most types of armour.
You are amphibious.
You can wear up to eight rings at the same time.
Your skin changes colour to match your surroundings (Stealth+).
Your rubbery body absorbs attacks. (AC +1, EV +1)
((You are camouflaged when in or above water. (Stealth+)))
You have tentacles for arms and can constrict up to eight enemies at once.


Message History

Magic restored.
An adder comes into view.
You shoot a bolt. The bolt closely misses the adder.
You shoot a bolt. The bolt hits the adder.
The adder is moderately wounded.
You shoot a bolt. The bolt barely misses the adder.
The adder bites you.
You are poisoned.
The adder poisons you! The adder barely misses you.
Really attack while wielding your +0 arbalest? [Y]es or [N]o only, please.
Really attack while wielding your +0 arbalest? [Y]es or [N]o only, please.
Really attack while wielding your +0 arbalest? [Y]es or [N]o only, please.
Really attack while wielding your +0 arbalest? [Y]es or [N]o only, please.
Really attack while wielding your +0 arbalest?
You barely miss the adder. Your grab misses the adder.
The adder is moderately wounded.
You feel sick. You block the adder's attack. The adder bites you.
You are more poisoned.
The adder poisons you!
Unknown command.
You closely miss the adder. Your grab misses the adder.
The adder is lightly wounded.
You feel very sick. The adder bites you. x2
* * * LOW HITPOINT WARNING * * *
You are more poisoned.
The adder poisons you!
Casting: Sandblast (safe; 4% risk of failure)
Confirm with . or Enter, or press ? or * to list all spells.
Aiming: Sandblast (safe; 4% risk of failure)
Press: ? - help, Shift-Dir - straight line, f/p - adder
Aim: an adder (lightly wounded, 66% to hit)
The blast of sand misses the adder.
* * * LOW HITPOINT WARNING * * *
You feel very sick. The adder bites you.
You die...

.....# #######
..##.# #.. ..#
#.##.# #.# #.#
#.##.####.# #.#
#.##......###.###
##
....<........#..#
#..
#############.#.#
..
#####.#.##.##...
#.......@S......
#.###†..........
###.##...... #.#
###... ... ..
##.# . #.# #.#


You could see an adder.

Vanquished Creatures
  A gnoll (D:1)
  A dart slug (D:1)
  4 endoplasms
  2 giant cockroaches (D:1)
  2 goblins (D:1)
  4 hobgoblins
  3 jackals (D:1)
  2 kobolds (D:1)
  2 quokkas (D:1)
  2 ball pythons (D:1)
  2 bats
  A frilled lizard (D:1)
  4 rats (D:1)
30 creatures vanquished.

Notes
Turn   | Place    | Note
-------+----------+-------------------------------------------
     0 | D:1      | gobodom the Octopode Earth Elementalist began the quest for
                  | the Orb.
     0 | D:1      | Reached XP level 1. HP: 11/11 MP: 3/3
     2 | D:1      | Noticed a minotaur
     2 | D:1      | Noticed an octopode
     4 | D:1      | Noticed a gargoyle
     7 | D:1      | Noticed a tengu
     9 | D:1      | Noticed a human
     9 | D:1      | Noticed a merfolk
    11 | D:1      | Noticed a spriggan
    13 | D:1      | Noticed a vampire
    13 | D:1      | Noticed a vine stalker
    15 | D:1      | Noticed a demonspawn
    17 | D:1      | Noticed a naga
    17 | D:1      | Noticed a felid
    19 | D:1      | Noticed a draconian
    21 | D:1      | Noticed an elf
    21 | D:1      | Noticed an ogre
    23 | D:1      | Noticed a formicid
    23 | D:1      | Noticed a demigod
    25 | D:1      | Noticed a ghoul
    25 | D:1      | Noticed a dwarf
    27 | D:1      | Noticed a troll
   137 | D:1      | Reached XP level 2. HP: 17/17 MP: 1/5
   303 | D:1      | Found a faded altar of an unknown god.
   308 | D:1      | Prayed at the altar of an unknown god.
   308 | D:1      | Became a worshipper of Uskayaw the Reveller
   308 | D:1      | Reached * piety under Uskayaw
   508 | D:1      | Reached XP level 3. HP: 21/21 MP: 3/6
  1113 | D:2      | HP: 1/21 [poisoned by an adder]
  1113 | D:2      | Slain by an adder

Illustrated notes

Levels and vault maps discovered:
D:1:      kb_arrival_jail, layout_loops_ring,
          shapermc_ecumenical_altar_acropolis, minmay_pentomino_x2
D:2:      layout_loops_ring, basic_altar, st_stairs_3, hangedman_glass_teeth,
          minmay_misc_feat_tiny

Action                   || total
-------------------------++-------
Melee: Unarmed           ||    13
       Constrict         ||     5
       Tentacles         ||     4
       Arbalest          ||     2
 Fire: Arbalest          ||     6
 Cast: Sandblast         ||    31
Invok: Stomp             ||     1
Armor: Skin              ||     2
Dodge: Dodged            ||    16
Block: Other             ||     2

Table legend: (Time is in decaauts)
 A = Elapsed time spent in this place.
 B = Non-inter-level travel time spent in this place.
 C = Inter-level travel time spent in this place.
 D = Time resting spent in this place.
 E = Time spent auto-exploring this place.
 F = Levels seen in this place.
 G = Mean time per level.
                   A        B        C        D        E       F      G
               +--------+--------+--------+--------+--------+-----+--------+
         Total |   1149 |   1142 |      7 |      0 |    920 |   2 |  574.5 |
       Dungeon |   1149 |   1142 |      7 |      0 |    920 |   2 |  574.5 |
               +--------+--------+--------+--------+--------+-----+--------+

Top non-repeatable levels by time:
     D:1: 1043 daAuts
     D:2: 106 daAuts
